 Dungeon Crawl Stone Soup version 0.19-a0-1035-gdbfb0c6 (webtiles) character file.

335014 nubinia the Impaler (level 21, -12/159 HPs)
             Began as a Merfolk Venom Mage on July 23, 2016.
             Was a High Priest of Sif Muna.
             Mangled by a skeletal warrior
             ... wielding a +0 halberd
              (19 damage)
             ... while paralysed by a vampire knight
             ... on level 2 of the Crypt on July 29, 2016.
             The game lasted 12:23:17 (67626 turns).

nubinia the Impaler (Merfolk Venom Mage)           Turns: 67626, Time: 12:23:17

Health: -12/159    AC: 30    Str: 11    XL:     21   Next: 85%
Magic:  14/40      EV:  2    Int: 21    God:    Sif Muna [*****.]
Gold:   3101       SH:  0    Dex: 20    Spells: 17 memorised, 0 levels left

rFire  + . .     SeeInvis +     a - +15 lance "Wyrmbane" {slay drac, rPois rF+ rC+ AC+3}
rCold  + . .     Gourm    .     O - +2 robe {rN+}
rNeg   + + .     Faith    .     q - +3 buckler {AC+3}
rPois  +         Spirit   .     M - +0 helmet of Rationality {rElec rC- rN+ Regen+}
rElec  +         Dismiss  +     p - +2 cloak {rC+}
rCorr  .         Reflect  .     m - +1 pair of gloves
SustAt .         Harm     .     S - +0 pair of boots
MR     +....                    F - amulet of dismissal
Stlth  +++++++...               j - +4 ring of protection
                                i - ring of see invisible

@: paralysed, agile, icy armour, repel missiles, divine energy, slow, somewhat
resistant to hostile enchantments, extremely stealthy
A: change form in water, swift swim, sense surroundings 1, screaming 1
a: Stop Divine Energy, Channel Magic, Forget Spell, Renounce Religion
}: 2/15 runes: decaying, serpentine


You were on level 2 of the Crypt.
You worshipped Sif Muna.
Sif Muna was extremely pleased with you.
You were very hungry.

You visited 9 branches of the dungeon, and saw 39 of its levels.
You visited the Abyss 1 time.
You also visited: Labyrinth, Ice Cave and Wizlab.

You collected 4833 gold pieces.
You spent 1732 gold pieces at shops.

Inventory:

Hand Weapons
 a - the +15 lance "Wyrmbane" (weapon) {slay drac, rPois rF+ rC+ AC+3}
   (You found it in a labyrinth)

   It affects your AC (+3).
   It protects you from fire.
   It protects you from cold.
   It protects you from poison.
Armour
 m - a +1 pair of gloves (worn)
 p - a +2 cloak of cold resistance (worn)
 q - a +3 buckler of protection (worn)
 M - the +0 helmet of Rationality (worn) {rElec rC- rN+ Regen+}
   (You found it on level 4 of the Snake Pit)

   It makes you vulnerable to cold.
   It insulates you from electricity.
   It protects you from negative energy.
   It increases your rate of regeneration.
 O - a +2 robe of positive energy (worn)
 S - a +0 pair of boots (worn)
Jewellery
 b - an uncursed amulet of guardian spirit
 g - an uncursed ring of magical power
 i - a ring of see invisible (left hand)
 j - a +4 ring of protection (right hand)
 o - an uncursed ring of protection from cold
 s - an uncursed ring of positive energy
 t - an uncursed ring of resist corrosion
 v - an uncursed ring of protection from magic
 x - an uncursed amulet of regeneration
 A - the amulet of the Air {Inacc +Fly rElec EV+5 RMsl}
   (You bought it in a shop on level 2 of the Orcish Mines)

   [amulet of inaccuracy]

   It reduces the accuracy of all your attacks.
   It affects your evasion (+5).
   It insulates you from electricity.
   It lets you fly.
   It protects you from missiles.
 F - an amulet of dismissal (around neck)
 K - the ring "Jutuh" {rElec rPois AC+2 Dex+3}
   (You found it on level 1 of the Elven Halls)

   [ring of protection]

   It affects your AC (+2).
   It affects your dexterity (+3).
   It insulates you from electricity.
   It protects you from poison.
 P - a +1 ring of slaying
 Y - a +4 ring of strength
Wands
 d - a wand of iceblast (1/15)
 u - a wand of iceblast (10/15)
 w - a wand of acid (7/15)
 L - a wand of digging (16/24)
 U - a wand of hasting (3/9)
 V - a wand of disintegration (8/24)
Scrolls
 e - 3 scrolls of magic mapping
 l - 2 scrolls of blinking
 r - 4 scrolls of enchant armour
 C - 2 scrolls of fear
 E - a scroll of brand weapon
 G - 10 scrolls of remove curse
 Q - 2 scrolls of identify
 T - 8 scrolls of recharging
 Z - a scroll of teleportation
Potions
 f - 8 potions of curing
 h - 4 potions of magic
 k - a potion of cancellation
 n - 2 potions of flight
 z - a potion of berserk rage
 B - 3 potions of invisibility
 D - 4 potions of ambrosia
 R - a potion of heal wounds
Miscellaneous
 I - a phial of floods
 N - a fan of gales
 W - a phantom mirror
Comestibles
 c - 12 bread rations


   Skills:
 * Level 12.2 Fighting
 + Level 17.9 Polearms
 + Level 0.3 Armour
 + Level 15.2 Dodging
 + Level 14.1 Stealth
 + Level 5.7 Shields
 + Level 15.9 Spellcasting
 + Level 8.1 Conjurations
 + Level 10.4 Charms
 + Level 11.6 Summonings
 + Level 5.8 Necromancy
 + Level 3.3 Translocations
 + Level 13.8 Ice Magic
 + Level 6.5 Air Magic
 - Level 7.9 Poison Magic
 + Level 1.8 Invocations
 + Level 1.4 Evocations


You couldn't memorise any spells.
You knew the following spells:

 Your Spells              Type           Power        Failure   Level  Hunger
a - Iskenderun's Mystic   Conj           ######..     1%          4    None
b - Throw Icicle          Conj/Ice       ######..     1%          4    None
c - Mephitic Cloud        Conj/Pois/Air  #####...     1%          3    None
d - Shadow Creatures      Summ           N/A          6%          6    #####..
e - Conjure Flame         Conj/Fire      ####....     1%          3    None
f - Force Lance           Conj/Tloc      #####...     3%          4    None
g - Summon Lightning Spi  Summ/Air       ######..     1%          4    None
h - Summon Guardian Gole  Hex/Summ       #####...     1%          3    None
i - Call Canine Familiar  Summ           ######..     1%          3    None
j - Apportation           Tloc           ####......   1%          1    None
k - Swiftness             Chrm/Air       ######..     1%          2    None
o - Ozocubu's Armour      Chrm/Ice       ######..     1%          3    None
r - Repel Missiles        Chrm/Air       ######       1%          2    None
B - Summon Butterflies    Summ           ######..     1%          1    None
I - Summon Ice Beast      Ice/Summ       ######..     1%          4    None
R - Regeneration          Chrm/Necr      ######....   1%          3    None
S - Animate Skeleton      Necr           N/A          1%          1    None


Dungeon Overview and Level Annotations

Branches:
Dungeon (14/15)            Temple (1/1) D:7            Lair (6/6) D:9
  Swamp (4/4) Lair:4        Snake (4/4) Lair:3        Slime (0/5) Lair:5
    Orc (2/2) D:12            Elf (3/3) Orc:2        Vaults (3/5) D:14
  Crypt (2/3) Vaults:3

Altars:
Ashenzari
Cheibriados
Dithmenos
Elyvilon
Fedhas
Gozag
Hepliaklqana
Kikubaaqudgha
Makhleb
Nemelex Xobeh
Okawaru
Pakellas
Qazlal
Ru
Sif Muna
Trog
Uskayaw
Vehumet
Xom
Yredelemnul
Zin
The Shining One
Beogh

Shops:
D:12 [   Orc:2 :}(=   Elf:1 }?   Snake:4 }=}   Vaults:3 [

Annotations:
D:8 shady's ghost, novice DDHu
Elf:1 exclusion: orange crystal statue
Elf:2 Deep elf sorceror!
Elf:3 Bai Suzhen
Vaults:3 exclusion: ironheart preserver, Mennas


Innate Abilities, Weirdness & Mutations

You revert to your normal form in water.
You are very nimble and swift while swimming.
You passively map a small area around you.
You occasionally shout uncontrollably at your foes.


Message History

The vampire knight bites you but does no damage.
The skeletal warrior hits you but does no damage.
The vampire knight hits you but does no damage.
The vampire knight bites you but does no damage.
The vampire knight gestures wildly while chanting.
The vampire knight flickers and vanishes for a moment.
The skeletal warrior hits you but does no damage.
The skeletal warrior hits you from afar with a halberd!
* * * LOW HITPOINT WARNING * * *
The revenant conjures spectral mists around you.
The spectral mist engulfs the skeletal warrior.
The vampire knight hits you but does no damage.
The vampire knight bites you.
* * * LOW HITPOINT WARNING * * *
The skeletal warrior hits you but does no damage.
The vampire knight hits you with a long sword!
* * * LOW HITPOINT WARNING * * *
The vampire knight bites you but does no damage.
The skeletal warrior hits you from afar with a halberd!!
You die...

, #....)z..... * * *
#...))..#... #...z.##../.
#..)..#...## #..z........
##.....#..##.
##..#####....#
,,...########WZ§..........
.....WV@zzzzL######.##>. ,
...#######z### #...###. *
* #.# ####.### #.
#.###....#####.
#########.##...........
*#..>..).............!..
#..####....##...[.>..##.
*#..#.###...........
#...##.# #...........


You could see a revenant, a vampire knight (invisible), 5 skeletal warriors, a
freezing wraith, a spectral quicksilver dragon and a wraith.

Vanquished Creatures
  Nikola (Swamp:1)
  Rupert (Orc:2)
  2 deep elf blademasters
  2 deep elf master archers (Elf:3)
  An Executioner (Abyss:2)
  2 thorn hunters
  2 ancient champions
  2 tentacled starspawn (Abyss:2)
  Agnes (D:14)
  A shadow dragon (Vaults:3)
  Donald (Orc:2)
  A fire giant (Vaults:3)
  5 greater nagas
  4 deep elf sorcerers
  A ghoul (Vaults:2)
  2 vault wardens
  2 ironheart preservers
  A deep elf elementalist (Elf:3)
  2 stone giants
  A vampire knight (Crypt:2)
  An entropy weaver (Vaults:3)
  7 deep elf annihilators
  4 deep elf demonologists
  Nessos (D:14)
  Azrael (Orc:2)
  3 dire elephants (Lair:6)
  A minotaur (Lab)
  An eidolon (Crypt:1)
  3 fire dragons
  An ettin (Vaults:3)
  Snorg (Lair:6)
  3 deep elf death magi
  A quicksilver dragon zombie (Crypt:2)
  Erolcha (Orc:1)
  A jiangshi (Crypt:1)
  2 great orbs of eyes (Vaults:3)
  2 deep elf high priests (Elf:3)
  2 ogre magi (Vaults:2)
  2 yaktaur captains
  10 naga warriors
  2 rakshasas
  A catoblepas (D:14)
  18 hydras
  Fannar (D:11)
  19 anacondas
  10 alligators
  9 centaur warriors
  28 dancing weapons
  3 death knights
  12 death yaks
  5 naga sharpshooters
  3 orc high priests (Orc:2)
  A tengu warrior (D:14)
  2 vampire magi
  A sun demon (Abyss:2)
  6 shock serpents
  14 deep elf knights
  6 skeletal warriors
  Nergalle (Orc:1)
  4 shadow wraiths (Vaults:3)
  A spatial maelstrom (Abyss:2)
  6 salamander mystics
  A giant orange brain (Vaults:3)
  A storm dragon skeleton (Crypt:1)
  A quicksilver dragon simulacrum (Crypt:1)
  An unseen horror (Vaults:1)
  9 hill giants
  9 swamp dragons
  A phantasmal warrior (Crypt:2)
  A flayed ghost (Vaults:1)
  5 ironbrand convokers
  2 necromancers (Vaults:3)
  11 deep elf archers
  8 naga ritualists
  2 lindwurms (Snake:4)
  A wizard (Vaults:2)
  61 deep elf magi
  An anaconda skeleton (Crypt:1)
  2 shambling mangroves
  13 mana vipers
  12 orc knights
  A harpy (shapeshifter) (Vaults:2)
  2 hornets (Swamp:1)
  Pikel (D:6)
  10 ugly things
  A fire giant zombie (Vaults:3)
  3 cyclopes
  5 orc sorcerers (Orc:2)
  15 salamanders
  3 wolf spiders
  2 griffons
  6 centaur zombies
  An octopode (shapeshifter) (Vaults:2)
  3 vault sentinels
  13 elephants
  5 guardian serpents
  17 naga magi
  36 black mambas
  A stone giant skeleton (Vaults:3)
  Joseph (D:8)
  An ice statue (IceCv)
  A torpor snail (Lair:5)
  2 smoke demons (Abyss:2)
  A gargoyle (D:13)
  12 spiny frogs
  An ancient zyme (Abyss:2)
  2 rime drakes (Lair:5)
  8 hellwings (Abyss:2)
  6 freezing wraiths
  2 yaktaur skeletons (Vaults:3)
  9 komodo dragons
  8 yaktaurs
  A guardian mummy (WizLab)
  5 trolls
  6 giant leeches
  A meliai (D:14)
  6 bog bodies
  4 two-headed ogres
  12 blink frogs
  Prince Ribbit (D:5)
  5 boulder beetles
  9 slime creatures
  A stone giant simulacrum (Vaults:1)
  8 spriggans
  6 shadows
  4 air elementals
  5 water elementals
  3 wyverns
  2 wraiths
  8 fire elementals
  A tarantella (shapeshifter) (D:14)
  A vampire (Abyss:2)
  2 ynoxinuls (Abyss:2)
  35 yaks
  2 elf zombies (WizLab)
  2 fire bats (Abyss:2)
  A hog (Snake:3)
  Grum (D:8)
  A steam dragon (D:9)
  A chaos spawn (Abyss:2)
  2 hungry ghosts
  17 vampire mosquitoes
  6 hippogriffs
  A death yak simulacrum (IceCv)
  31 swamp worms
  8 insubstantial wisps
  4 wargs
  24 nagas
  A yaktaur simulacrum (Vaults:3)
  A mottled dragon (Vaults:2)
  3 soldier ants
  3 large abominations (Abyss:2)
  13 water moccasins
  A deep troll zombie (Crypt:1)
  2 small abominations
  A hell hound (Orc:1)
  A human zombie (Vaults:3)
  A putrid demonspawn skeleton (Crypt:2)
  12 porcupines
  18 ice beasts
  13 swamp drakes
  3 sky beasts
  35 orc warriors
  An eye of draining (D:11)
  16 ogres
  An alligator simulacrum (IceCv)
  A slave (D:6)
  A black bear (D:10)
  A necrophage (D:12)
  10 wasps
  6 wolves
  2 boggarts (Vaults:2)
  11 centaurs
  A snapping turtle skeleton (Crypt:1)
  7 crocodiles
  3 big kobolds
  Blork the orc (D:6)
  A yaktaur zombie (Crypt:1)
  14 giant frogs
  2 gnoll sergeants
  A rime drake skeleton (Crypt:1)
  7 earth elementals
  2 wyvern zombies (D:11)
  A human skeleton (Vaults:3)
  4 scorpions
  4 water moccasin skeletons
  11 killer bees
  A yak skeleton (Crypt:1)
  A howler monkey (D:11)
  22 wights
  2 electric eels
  5 crimson imps
  2 giant frog zombies
  5 starcursed masses
  21 jellies
  2 draconian simulacra (IceCv)
  A quasit (Abyss:2)
  24 orc priests
  7 hounds
  Crazy Yiuf (D:6)
  4 centaur skeletons
  4 giant frog skeletons
  An iron imp (Abyss:2)
  8 iguanas
  37 orc wizards
  2 polar bear simulacra (IceCv)
  15 worker ants
  A spriggan simulacrum (IceCv)
  5 troll simulacra (IceCv)
  21 sheep
  3 centaur simulacra (IceCv)
  A hound zombie (D:10)
  A hound skeleton (D:9)
  9 gnolls
  A howler monkey skeleton (D:7)
  38 river rats
  9 adders
  4 ogre simulacra (IceCv)
  9 white imps (IceCv)
  An ooze (D:3)
  2 adder skeletons
  An adder zombie (D:8)
  A halfling skeleton (Crypt:2)
  15 worms
  A worm (shapeshifter) (Elf:1)
  3 dart slugs
  7 giant geckos
  99 orcs
  11 bats
  A bat skeleton (Crypt:2)
  7 giant cockroaches
  10 goblins
  8 hobgoblins
  3 jackals (D:2)
  26 kobolds
  5 quokkas
  A ball python (D:2)
  3 giant newts
  A quokka zombie (Crypt:1)
  13 rats
  A briar patch (Swamp:2)
  A crawling corpse (Elf:3)
  A fungus (D:6)
  3 plants
  A starspawn tentacle (Abyss:2)
1494 creatures vanquished.

Vanquished Creatures (collateral kills)
  The ghost of HAL9000 the Bludgeoner, an adept OgBe of Trog (Snake:4)
  Kirke (Snake:3)
  A thorn hunter (Swamp:2)
  An ancient champion (Crypt:2)
  5 greater nagas
  A deep elf sorcerer (Elf:1)
  A vault warden (Vaults:1)
  3 ironheart preservers
  2 deep elf elementalists
  A very ugly thing (Swamp:3)
  A vampire knight (Crypt:2)
  A deep elf demonologist (Elf:3)
  A deep elf annihilator (Elf:3)
  2 dire elephants (Lair:6)
  A deep elf death mage (Vaults:2)
  An ettin (Vaults:3)
  3 eidola
  2 deep elf high priests (Elf:3)
  2 rakshasas
  4 yaktaur captains
  9 naga warriors
  2 great orbs of eyes
  A vault guard (Vaults:3)
  13 anacondas
  7 hydras
  3 centaur warriors
  2 alligators (Swamp:2)
  A death knight (Vaults:3)
  3 dancing weapons
  2 death yaks (Lair:6)
  13 naga sharpshooters
  A shock serpent (Snake:3)
  6 deep elf knights
  A shadow wraith (Vaults:1)
  3 skeletal warriors
  4 salamander mystics
  A wizard (Vaults:3)
  A giant orange brain (Vaults:3)
  2 lindwurms (Snake:4)
  A tengu zombie (Vaults:3)
  A deep elf archer (Vaults:2)
  5 naga ritualists
  2 swamp dragons (Swamp:4)
  4 ironbrand convokers
  2 necromancers
  A phantasmal warrior (Vaults:3)
  2 orc knights (Vaults:3)
  2 hill giants
  3 ugly things
  3 shambling mangroves
  3 wolf spiders (Vaults:3)
  8 mana vipers
  2 oklob plants (Swamp:2)
  6 deep elf magi
  6 salamanders
  8 naga magi
  15 black mambas
  An octopode (shapeshifter) (Vaults:2)
  6 guardian serpents
  An elephant (Lair:6)
  A centaur skeleton (D:12)
  3 spiny frogs
  2 vault sentinels
  5 freezing wraiths
  4 yaktaurs
  A komodo dragon (Lair:5)
  An entropy weaver simulacrum (Vaults:3)
  A tengu conjurer (D:14)
  4 giant leeches
  2 meliai (D:14)
  A two-headed ogre (Vaults:2)
  A bog body (Swamp:3)
  9 slime creatures
  A blink frog (Lair:5)
  A boulder beetle (Vaults:1)
  3 redbacks (Vaults:3)
  3 spriggans
  2 hogs (Snake:3)
  2 fire elementals
  A wraith (Crypt:2)
  2 hippogriffs (Lair:5)
  7 vampire mosquitoes
  4 basilisks
  A human simulacrum (Vaults:1)
  5 yaks
  3 insubstantial wisps (Swamp:2)
  3 swamp worms
  25 nagas
  A hell hound (Orc:2)
  3 water moccasins
  4 swamp drakes
  2 ice beasts
  3 orc warriors
  A necrophage (D:9)
  9 wasps
  A boggart (Vaults:2)
  7 ogres
  2 wolves (Lair:5)
  A wolf (shapeshifter) (D:14)
  A crocodile (Lair:6)
  2 giant frogs
  A killer bee (D:11)
  A wight (D:11)
  An orc priest (Orc:2)
  6 orc wizards
  A worker ant (D:14)
  3 sheep
  A centaur simulacrum (IceCv)
  A hound zombie (D:10)
  3 gnolls (Orc:1)
  A naga simulacrum (IceCv)
  3 white imps (IceCv)
  17 orcs
  6 briar patches (Swamp:2)
  A plant (Lair:5)
373 creatures vanquished.

Vanquished Creatures (others)
  2 deep elf elementalists (Elf:3)
  A deep elf annihilator (Elf:3)
  2 deep elf demonologists (Elf:3)
  A deep elf death mage (Elf:3)
  A deep elf high priest (Elf:3)
  A naga warrior (Snake:4)
  A shambling mangrove (Swamp:1)
  2 deep elf magi
  3 freezing wraiths (IceCv)
  A two-headed ogre (Vaults:2)
  A spriggan (Swamp:1)
  2 humans (Snake:3)
  A naga (Snake:4)
  A sky beast (D:9)
  2 slaves (D:6)
  A wasp (Swamp:1)
  A wight (D:6)
  A spriggan simulacrum (IceCv)
  A naga simulacrum (IceCv)
  An ogre simulacrum (IceCv)
  An orc (Vaults:3)
  23 fungi
  24 plants
  12 starspawn tentacles (Abyss:2)
  109 starspawn tentacle segments (Abyss:2)
196 creatures vanquished.

Grand Total: 2063 creatures vanquished

Notes
Turn   | Place    | Note
-------+----------+-------------------------------------------
     0 | D:1      | nubinia the Merfolk Venom Mage began the quest for the Orb.
     0 | D:1      | Reached XP level 1. HP: 13/13 MP: 3/3
   267 | D:1      | Reached XP level 2. HP: 19/19 MP: 3/5
   701 | D:1      | Reached skill level 5 in Poison Magic
   765 | D:1      | Reached XP level 3. HP: 24/24 MP: 3/6
   858 | D:1      | Learned a level 3 spell: Mephitic Cloud
  1081 | D:1      | Reached skill level 1 in Conjurations
  2112 | D:2      | Reached XP level 4. HP: 30/30 MP: 1/7
  2468 | D:2      | Gained mutation: You are partially covered in iridescent scales. (AC +4) [potion of beneficial mutation]
  2469 | D:2      | Gained mutation: You are somewhat resistant to further mutation. [potion of beneficial mutation]
  3515 | D:3      | Reached XP level 5. HP: 35/35 MP: 3/8
  3942 | D:3      | Found a bloodstained altar of Trog.
  4015 | D:3      | Found a stormy altar of Qazlal.
  4196 | D:3      | You fall through a shaft!
  4383 | D:4      | Found a shadowy altar of Dithmenos.
  4846 | D:4      | Found a snail-covered altar of Cheibriados.
  4850 | D:4      | Found a shadowy altar of Dithmenos.
  5085 | D:4      | Reached skill level 1 in Air Magic
  5374 | D:4      | Reached XP level 6. HP: 41/41 MP: 4/9
  5420 | D:4      | Learned a level 4 spell: Olgreb's Toxic Radiance
  5565 | D:5      | Entered Level 5 of the Dungeon
  5565 | D:5      | Noticed Prince Ribbit
  5582 | D:5      | Killed Prince Ribbit
  5735 | D:4      | Reached XP level 7. HP: 27/47 MP: 2/12
  5865 | D:4      | Upgraded the game from 0.19-a0-1008-g4c63d25 to 0.19-a0-1013-g40768a3
  6082 | D:5      | HP: 2/47 [gnoll/halberd (15)]
  6788 | D:5      | Reached skill level 1 in Fighting
  7662 | D:5      | Reached XP level 8. HP: 51/54 MP: 5/14
  8030 | D:4      | Found a blossoming altar of Fedhas.
  8076 | D:6      | Noticed Blork the orc
  8090 | D:6      | Killed Blork the orc
  8267 | D:6      | Reached skill level 1 in Polearms
  8370 | D:6      | Noticed Pikel
  8498 | D:6      | Killed Pikel
  8498 | D:6      | Reached skill level 3 in Polearms
  8498 | D:6      | Reached skill level 5 in Dodging
  9275 | D:5      | Reached skill level 5 in Spellcasting
  9373 | D:7      | Found a staircase to the Ecumenical Temple.
  9382 | Temple   | Entered the Ecumenical Temple
  9634 | Temple   | Became a worshipper of Sif Muna the Loreminder
  9734 | D:7      | Reached skill level 4 in Polearms
  9869 | D:7      | Reached XP level 9. HP: 51/62 MP: 13/16
 10033 | D:7      | Reached skill level 5 in Polearms
 10553 | D:7      | Reached skill level 6 in Polearms
 11006 | D:8      | Noticed Grum
 11049 | D:8      | Killed Grum
 11049 | D:8      | Reached * piety under Sif Muna
 11416 | D:9      | Reached skill level 7 in Polearms
 11427 | D:9      | Reached XP level 10. HP: 58/69 MP: 12/20
 11675 | D:9      | Found a staircase to the Lair.
 11754 | Lair:1   | Entered Level 1 of the Lair of Beasts
 11767 | Lair:1   | Noticed a spiny frog
 11769 | Lair:1   | Noticed a five-headed hydra
 11786 | Lair:1   | Reached skill level 5 in Stealth
 11914 | Lair:1   | HP: 2/70 [spiny frog (18)]
 11918 | Lair:1   | Killed a spiny frog
 11918 | Lair:1   | Reached skill level 8 in Polearms
 11956 | Lair:1   | Found a labyrinth entrance.
 12041 | Lab      | Entered a labyrinth
 12124 | Lab      | Noticed a minotaur
 12188 | Lab      | Killed a minotaur
 12188 | Lab      | Reached ** piety under Sif Muna
 12243 | Lab      | Learned a level 2 spell: Throw Frost
 12493 | Lair:1   | Reached skill level 1 in Ice Magic
 12833 | Lair:1   | Learned a level 1 spell: Freeze
 12913 | Lair:1   | Reached XP level 11. HP: 77/77 MP: 22/22
 13159 | Lair:1   | Reached skill level 5 in Ice Magic
 13460 | D:8      | Noticed Joseph
 13480 | D:8      | Killed Joseph
 13582 | D:8      | Noticed shady's ghost (novice DDHu)
 14355 | D:6      | Got a fine robe
 14384 | D:6      | Identified the +1 robe of Vyhusch {Str+4} (You took it off a wight on level 6 of the Dungeon)
 14763 | D:6      | Found a runed door.
 14767 | D:6      | Noticed Crazy Yiuf
 14770 | D:6      | Killed Crazy Yiuf
 14984 | Lair:1   | Killed a five-headed hydra
 14984 | Lair:1   | Reached *** piety under Sif Muna
 14984 | Lair:1   | Reached skill level 9 in Polearms
 14984 | Lair:1   | Reached skill level 5 in Conjurations
 15193 | Lair:1   | Learned a level 3 spell: Ozocubu's Armour
 15910 | Lair:2   | Learned a level 4 spell: Throw Icicle
 15946 | Lair:2   | Reached skill level 1 in Charms
 16965 | Lair:2   | Reached **** piety under Sif Muna
 17231 | Lair:2   | Learned a level 4 spell: Summon Ice Beast
 17356 | Lair:3   | Found a staircase to the Snake Pit.
 17359 | Lair:3   | Gained mutation: Your body sometimes deteriorates upon taking damage. [potion of mutation]
 17372 | Lair:3   | Reached skill level 1 in Summonings
 17372 | Lair:3   | Reached XP level 12. HP: 85/85 MP: 11/24
 17480 | Lair:3   | Noticed an eight-headed hydra
 17929 | Lair:3   | Noticed a death yak
 17942 | Lair:3   | Noticed a death yak
 17943 | Lair:3   | Noticed a death yak
 17944 | Lair:3   | Noticed a death yak
 17947 | Lair:3   | Noticed a death yak
 17960 | Lair:3   | Noticed a death yak
 17987 | Lair:3   | Killed a death yak
 17996 | Lair:3   | Reached skill level 5 in Fighting
 18044 | Lair:3   | Killed an eight-headed hydra
 18379 | Lair:3   | Killed a death yak
 18386 | Lair:3   | Killed a death yak
 18393 | Lair:3   | Killed a death yak
 18396 | Lair:3   | Killed a death yak
 18399 | Lair:3   | Killed a death yak
 19144 | Lair:4   | Noticed a six-headed hydra
 19154 | Lair:4   | Killed a six-headed hydra
 19154 | Lair:4   | Reached ***** piety under Sif Muna
 19317 | Lair:4   | Received a gift from Sif Muna
 19318 | Lair:4   | Identified Sif Muna's Almanac of Dark Transmutation (Sif Muna gifted it to you on level 4 of the Lair of Beasts)
 19716 | Lair:4   | Reached skill level 5 in Charms
 19832 | Lair:4   | Found a staircase to the Swamp.
 20208 | Lair:4   | Reached skill level 10 in Polearms
 20318 | Lair:4   | Reached XP level 13. HP: 93/93 MP: 20/26
 21971 | Lair:5   | Reached skill level 5 in Summonings
 21976 | Lair:5   | Learned a level 3 spell: Regeneration
 22184 | Lair:5   | Found a staircase to the Slime Pits.
 22312 | Lair:5   | Received a gift from Sif Muna
 22320 | Lair:5   | Learned a level 1 spell: Animate Skeleton
 22755 | Lair:6   | Entered Level 6 of the Lair of Beasts
 22929 | Lair:5   | Reached skill level 1 in Necromancy
 23665 | D:9      | Found an oddly glowing altar of Pakellas.
 23669 | D:9      | Found an ancient bone altar of Kikubaaqudgha.
 23682 | D:9      | Found a sacrificial altar of Ru.
 23768 | D:10     | Entered Level 10 of the Dungeon
 24075 | D:10     | Learned a level 1 spell: Summon Butterflies
 24202 | D:10     | Reached skill level 10 in Dodging
 24718 | D:11     | Reached skill level 10 in Spellcasting
 25169 | D:11     | Reached XP level 14. HP: 90/100 MP: 7/28
 25263 | D:11     | Reached skill level 10 in Ice Magic
 25397 | D:11     | Noticed Fannar
 25420 | D:11     | Killed Fannar
 25915 | Swamp:1  | Entered Level 1 of the Swamp
 25921 | Lair:4   | Reached skill level 11 in Polearms
 26271 | Swamp:1  | Noticed Nikola
 26344 | Swamp:1  | Received a gift from Sif Muna
 26345 | Swamp:1  | Identified Sif Muna's Catalogue of Captivating Necromancy (Sif Muna gifted it to you on level 1 of the Swamp)
 26908 | Swamp:1  | Killed Nikola
 26908 | Swamp:1  | Reached skill level 1 in Invocations
 28140 | Swamp:2  | Noticed a thorn hunter
 28289 | Swamp:2  | Noticed a thorn hunter
 28499 | D:11     | Reached skill level 1 in Shields
 28516 | D:12     | Found Suxkioti's Armour Shop.
 28516 | D:12     | Found a staircase to the Orcish Mines.
 28610 | D:12     | Bought a +2 buckler of protection for 322 gold pieces
 28633 | Orc:1    | Entered Level 1 of the Orcish Mines
 28650 | Orc:2    | Entered Level 2 of the Orcish Mines
 28687 | Orc:1    | Noticed Erolcha
 28724 | Orc:1    | Killed Erolcha
 28841 | Orc:1    | Found a frozen archway.
 28930 | IceCv    | Entered an ice cave
 29168 | IceCv    | Received a gift from Sif Muna
 29169 | IceCv    | Identified Sif Muna's Tome of Cloudy Malediction (Sif Muna gifted it to you in an ice cave)
 29173 | IceCv    | Learned a level 2 spell: Repel Missiles
 29177 | IceCv    | Learned a level 3 spell: Summon Guardian Golem
 29525 | IceCv    | Reached XP level 15. HP: 107/107 MP: 29/29
 29758 | IceCv    | Found an ancient bone altar of Kikubaaqudgha.
 30859 | Orc:1    | Found a roughly hewn altar of Beogh.
 30910 | Orc:1    | Noticed Nergalle
 30934 | Orc:1    | Killed Nergalle
 31193 | Orc:1    | Found a roughly hewn altar of Beogh.
 31352 | Orc:1    | Upgraded the game from 0.19-a0-1013-g40768a3 to 0.19-a0-1019-g9c6a58d
 31589 | Orc:2    | Found a roughly hewn altar of Beogh.
 31843 | Orc:2    | Noticed Azrael
 31971 | Orc:2    | Noticed Rupert
 32116 | Orc:2    | Killed Azrael
 32117 | Orc:2    | Noticed Donald
 32470 | Orc:2    | Killed Rupert
 32536 | Orc:2    | Killed Donald
 32568 | Orc:2    | Found a staircase to the Elven Halls.
 32668 | Orc:2    | Received a gift from Sif Muna
 32669 | Orc:2    | Identified Sif Muna's Volume of Excruciating Calling (Sif Muna gifted it to you on level 2 of the Orcish Mines)
 32675 | Orc:2    | Learned a level 4 spell: Summon Lightning Spire
 33531 | Orc:2    | Found Itoy's Jewellery Shoppe.
 33531 | Orc:2    | Found Xuxatzal's Book Shoppe.
 33532 | Orc:2    | Found Akimmono's Gadget Boutique.
 33558 | Orc:2    | Found Xoyl's Weapon Boutique.
 33654 | Orc:2    | Bought the amulet of the Air {Inacc +Fly rElec EV+5 RMsl} for 618 gold pieces
 34467 | Lair:6   | Noticed Snorg
 34481 | Lair:6   | Killed Snorg
 34481 | Lair:6   | Reached skill level 10 in Stealth
 35614 | Swamp:1  | Killed a thorn hunter
 35786 | Swamp:2  | Killed a thorn hunter
 35786 | Swamp:2  | Reached XP level 16. HP: 83/115 MP: 1/31
 35974 | Swamp:2  | Noticed a thorn hunter
 35990 | Swamp:2  | Killed a thorn hunter
 36362 | Swamp:2  | Received a gift from Sif Muna
 37097 | Swamp:2  | Noticed a tentacled monstrosity
 37231 | Snake:1  | Entered Level 1 of the Snake Pit
 37294 | Snake:1  | Reached skill level 12 in Polearms
 38996 | Snake:2  | Learned a level 4 spell: Iskenderun's Mystic Blast
 39127 | Snake:2  | Noticed a greater naga
 39140 | Snake:2  | Killed a greater naga
 39248 | Snake:2  | Reached skill level 10 in Summonings
 39393 | Snake:2  | Found a deep blue altar of Sif Muna.
 40099 | Snake:3  | Received a gift from Sif Muna
 40101 | Snake:3  | Reached XP level 17. HP: 122/122 MP: 27/33
 40137 | Snake:3  | Identified Sif Muna's Disquisition on Arcane Weapons and Transformation (Sif Muna gifted it to you on level 3 of the Snake Pit)
 40218 | Snake:3  | Noticed Kirke
 40234 | Snake:3  | Killed Kirke
 40561 | Snake:3  | Identified a scroll of acquirement
 40562 | Snake:3  | Got a pitted cloak
 40573 | Snake:3  | Identified the +1 cloak of the Hills {rF++ MR- Str+9} (You acquired it on level 3 of the Snake Pit)
 40930 | Snake:3  | Reached skill level 13 in Polearms
 41776 | Snake:4  | Entered Level 4 of the Snake Pit
 41815 | Snake:4  | Lost mutation: You are partially covered in iridescent scales. (AC +4) [potion of cure mutation]
 41815 | Snake:4  | Lost mutation: You are somewhat resistant to further mutation. [potion of cure mutation]
 41815 | Snake:4  | Lost mutation: Your body sometimes deteriorates upon taking damage. [potion of cure mutation]
 41819 | Snake:4  | Gained mutation: You have a pair of small horns on your head. [mutagenic meat]
 41822 | Snake:4  | Gained mutation: You passively map a small area around you. [mutagenic meat]
 41825 | Snake:4  | Gained mutation: Armour fits poorly on your strangely shaped body. [mutagenic meat]
 41828 | Snake:4  | Gained mutation: You evolve. [mutagenic meat]
 42499 | Snake:4  | Received a gift from Sif Muna
 42500 | Snake:4  | Identified Sif Muna's Incunabulum of the Escort and the Voyage (Sif Muna gifted it to you on level 4 of the Snake Pit)
 42505 | Snake:4  | Learned a level 3 spell: Call Canine Familiar
 42589 | Snake:4  | Noticed HAL9000's ghost (adept OgBe)
 42637 | Snake:4  | Killed HAL9000's ghost
 43269 | Snake:4  | Found Peonibef's Gadget Shop.
 43270 | Snake:4  | Found Efonui's Jewellery Shoppe.
 43271 | Snake:4  | Found Lebis's Gadget Shop.
 43278 | Snake:4  | Bought a +4 ring of protection for 792 gold pieces
 43621 | Snake:4  | Reached XP level 18. HP: 131/131 MP: 31/35
 44264 | Snake:4  | Received a gift from Sif Muna
 44265 | Snake:4  | Identified Sif Muna's Incunabulum of Harmful Calling (Sif Muna gifted it to you on level 4 of the Snake Pit)
 44446 | Snake:4  | Got a serpentine rune of Zot
 44568 | Snake:4  | Reached skill level 14 in Polearms
 46361 | D:14     | Noticed Nessos
 46383 | D:14     | Killed Nessos
 46566 | D:14     | Noticed Agnes
 46598 | D:14     | Reached skill level 5 in Air Magic
 46652 | D:14     | Killed Agnes
 46989 | D:14     | Found a gate to the Vaults.
 47735 | Vaults:1 | Entered Level 1 of the Vaults
 47791 | Vaults:1 | Gained mutation: Your body sometimes deteriorates upon taking damage. [a neqoxec]
 48050 | Vaults:1 | Received a gift from Sif Muna
 48085 | Vaults:1 | Identified Sif Muna's Catalogue of Combat Magic (Sif Muna gifted it to you on level 1 of the Vaults)
 49133 | Vaults:1 | Reached skill level 5 in Necromancy
 49265 | Vaults:1 | Reached XP level 19. HP: 130/138 MP: 16/37
 49526 | Vaults:2 | Reached skill level 15 in Polearms
 51610 | Swamp:3  | Identified the +1 robe of Tyasyuwn {Regen+} (You found it on level 3 of the Swamp)
 51854 | Swamp:4  | Entered Level 4 of the Swamp
 52111 | Swamp:4  | Reached skill level 1 in Evocations
 52216 | Swamp:4  | Received a gift from Sif Muna
 52233 | Swamp:4  | Got a decaying rune of Zot
 52342 | Swamp:4  | Gained mutation: Your mind is acute. (Int +2) [evolution]
 52342 | Swamp:4  | Lost mutation: You evolve. [end of evolution]
 52847 | Elf:1    | Entered Level 1 of the Elven Halls
 53013 | Elf:1    | Reached skill level 10 in Fighting
 53019 | Elf:1    | Found Fipoucarr's Magic Scroll Emporium.
 53052 | Elf:1    | Found a magical portal.
 53071 | Elf:1    | Learned a level 6 spell: Shadow Creatures
 53073 | WizLab   | Entered Doroklohe's Tomb
 53367 | WizLab   | Identified the Papyrus of Cloudy Intoxication (You found it in a wizard's laboratory)
 53370 | WizLab   | Noticed a greater mummy
 53643 | Elf:1    | Upgraded the game from 0.19-a0-1019-g9c6a58d to 0.19-a0-1021-g80cc50c
 54500 | Elf:1    | Found Ufem's Gadget Shop.
 54701 | Elf:1    | Identified Peub's Papyrus of Attacks
 54708 | Elf:1    | Learned a level 4 spell: Force Lance
 54742 | Elf:1    | Reached skill level 16 in Polearms
 55068 | D:12     | Learned a level 1 spell: Apportation
 55303 | Snake:2  | Reached skill level 1 in Translocations
 55677 | Elf:1    | Got a shimmering lead ring
 55678 | Elf:1    | Identified the ring "Jutuh" {rElec rPois AC+2 Dex+3} (You found it on level 1 of the Elven Halls)
 55807 | Elf:1    | Reached XP level 20. HP: 146/147 MP: 1/38
 55967 | Elf:3    | Entered Level 3 of the Elven Halls
 56432 | Vaults:3 | Noticed Mennas
 56628 | Vaults:3 | Paralysed by a great orb of eyes for 3 turns
 56949 | Vaults:3 | Got a pair of scorched gloves
 57037 | Vaults:2 | Identified the -4 pair of gloves of Vutzuom {Stlth+} (You found it on level 3 of the Vaults)
 57860 | Vaults:3 | Paralysed by a wizard for 4 turns
 58168 | Vaults:3 | Found Ulosenk's Armour Shop.
 58347 | Vaults:3 | Reached skill level 10 in Charms
 58861 | Orc:1    | Lost mutation: Your mind is acute. (Int +2) [potion of cure mutation]
 58861 | Orc:1    | Lost mutation: Armour fits poorly on your strangely shaped body. [potion of cure mutation]
 58861 | Orc:1    | Lost mutation: You have a pair of small horns on your head. [potion of cure mutation]
 58861 | Orc:1    | Lost mutation: Your body sometimes deteriorates upon taking damage. [potion of cure mutation]
 59186 | Snake:4  | Got a polished helmet
 59187 | Snake:4  | Identified the +0 helmet of Rationality {rElec rC- rN+ Regen+} (You found it on level 4 of the Snake Pit)
 59545 | Elf:2    | Reached skill level 15 in Spellcasting
 59618 | Elf:2    | Learned a level 2 spell: Swiftness
 59639 | Elf:2    | Found a deep blue altar of Sif Muna.
 59738 | Elf:2    | Found a runed gate.
 59738 | Elf:2    | Found a runed gate.
 59739 | Elf:2    | Found a runed gate.
 60640 | Elf:2    | Cast into level 2 of the Abyss (hand axe of distortion)
 61206 | Abyss:2  | Reached skill level 5 in Shields
 61245 | Abyss:2  | Received a gift from Sif Muna
 61265 | Abyss:2  | Identified Sif Muna's Catalogue of Weightlessness and Beguiling (Sif Muna gifted it to you on level 2 of the Abyss)
 61384 | Abyss:2  | Reached skill level 17 in Polearms
 61387 | Abyss:2  | Paralysed by accursed screaming for 1 turns
 61421 | Elf:2    | Escaped the Abyss
 61434 | Elf:2    | HP: 6/149 [hand axe of distortion (24)]
 61882 | Elf:2    | Reached XP level 21. HP: 155/155 MP: 16/40
 61883 | Elf:2    | Upgraded the game from 0.19-a0-1021-g80cc50c to 0.19-a0-1025-g778f431
 62865 | Elf:3    | Noticed Bai Suzhen
 65084 | Elf:3    | Identified the cursed +0 scimitar "Ahuoxzy" {elec, Str+3} (You found it on level 3 of the Elven Halls)
 65187 | Elf:3    | Gained mutation: You occasionally shout uncontrollably at your foes. [a neqoxec]
 65808 | Vaults:3 | Found a staircase to the Crypt.
 66297 | Crypt:1  | Entered Level 1 of the Crypt
 66419 | Crypt:1  | Received a gift from Sif Muna
 66420 | Crypt:1  | Identified Sif Muna's Almanac of Conjuration (Sif Muna gifted it to you on level 1 of the Crypt)
 66425 | Crypt:1  | Learned a level 3 spell: Conjure Flame
 66542 | Crypt:1  | Upgraded the game from 0.19-a0-1025-g778f431 to 0.19-a0-1035-gdbfb0c6
 66752 | Crypt:1  | Reached skill level 15 in Dodging
 67182 | Crypt:2  | Paralysed by something for 6 turns
 67620 | Crypt:2  | Paralysed by a vampire knight for 7 turns
 67626 | Crypt:2  | HP: 7/159 [vampire knight/long sword (11)]
 67626 | Crypt:2  | Mangled by a skeletal warrior

Vault maps used:
D:1:      sevenhm_arrival_forest_fort_large_2
D:2:      kennysheep_six_static_rooms
D:3:      lemuel_coloured_pillars_altar, overflow_temple_1_default, first_bread
D:4:      nicolae_overflow_hidden_temple, serial_glass, glass_columns_a,
          glass_columns_a, kennysheep_another_room,
          nicolae_dithmenos_through_a_glass_darkly
D:5:      uniq_prince_ribbit1
D:6:      uniq_blork_the_orc, uniq_crazy_yiuf_cottage, uniq_pikel
D:8:      uniq_joseph, uniq_grum, uniq_psyche
D:9:      minmay_overflow_temple_star_quad, hangedman_misty_isle
D:11:     uniq_fannar
D:12:     orc_david_3
D:13:     hangedman_pestilent_swarm
D:14:     david_vaults_4, serial_bayou_pond_a, uniq_nessos, uniq_agnes
Temple:   minmay_temple_curvy_branch
Lair:1:   lab_entry_generic, lemuel_fruit_fields
Lair:2:   beast_lair_carwin_1, lemuel_fruit_fields, infiniplex_staircase_pool_2
Lair:3:   guppyfry_snake_entry_garden, grunt_megastairs_2, serial_bayou_shore_a
Lair:4:   nicolae_swamp_entry_splash_gauntlet, worms_lemuel
Lair:5:   minmay_slime_entry_jelly_boxes
Lair:6:   due_jungle_book, kennysheep_basilisk_garden, uniq_snorg
Swamp:1:  nicolae_swamp_feature_on_the_river_bank, uniq_nikola
Swamp:2:  nicolae_swamp_phyte_club, hangedman_swamp_ruin_wall
Swamp:3:  evilmike_swamp_ruin_house_2
Swamp:4:  swamp
Snake:1:  cheibrodos_snake_lava_hold
Snake:2:  basic_altar, grunt_megastairs_4
Snake:3:  uniq_kirke
Snake:4:  snake_pit_salamanders_mu, minmay_shop_grove
Orc:1:    nicolae_orc_accident_2, basic_altar, portal_ice_cave_entry_ice_beasts,
          uniq_nergalle, uniq_erolcha
Orc:2:    st_orc_elflike, basic_altar, uniq_rupert, uniq_donald, uniq_azrael
Elf:1:    minmay_elf_arrival_summoners, serial_shops, shop, shop,
          mu_enter_wizlab_6, minmay_elf_sorcery, minivault_15
Elf:2:    basic_altar, grunt_ministairs_6, lemuel_elevator
Elf:3:    minmay_elf_hall_not_hex, uniq_bai_suzhen
Vaults:1: nicolae_vaults_rhombus_7, vaults_room_pools, hangedman_vaults_pinch,
          nicolae_vaults_shelves_hall, vaults_standard_mumra_lines,
          nicolae_vaults_rhombus_5, v_pattern_1, vaults_room_hallway,
          vaults_dpeg_ring, hangedman_vaults_nails, v_misc_10,
          nicolae_vaults_yaktaur_gun_rack
Vaults:2: v_misc_17, v_misc_1, nicolae_vaults_little_squares_4,
          grunt_vaults_funnel, nicolae_vaults_theta
Vaults:3: vaults_mumra_hexcomb, v_rooms_1, vaults_mumra_minichess, st_star,
          v_misc_29, ontoclasm_vaults_chip, v_misc_5, v_misc_14,
          grunt_vaults_diagonal, nicolae_vaults_rhombus_5,
          ontoclasm_vaults_gateway, vaults_dpeg_diagonal,
          blue_anna_dwarven_crypt, serial_shops, nicolae_shop_crystal,
          uniq_mennas
Crypt:1:  grunt_crypt_arrival_webbed
Abyss:2:  evilmike_abyss_exit_14, hangedman_abyss_overflow_altar
Lab:      lab_fountain, nicolae_lab_quarters, nicolae_lab_do_over,
          nicolae_lab_statue, nicolae_lab_t_cross, nicolae_lab_grate_2,
          nicolae_lab_plus
IceCv:    ice_cave_small_necro
WizLab:   wizlab_doroklohe

Skill      XL: |  1  2  3  4  5  6  7  8  9 10 11 12 13 14 15 16 17 18 19 20 21 |
---------------+----------------------------------------------------------------+-----
Poison Magic   | 5 6 7 |  7.9
Conjurations   | 1 2 3 4 5 6 7 8 |  8.1
Dodging        | 3 4 5 7 8 9 10 11 12 13 14 15 | 15.2
Stealth        | 3 4 5 6 7 8 9 10 11 12 13 14 | 14.1
Air Magic      | 1 2 3 4 5 6 |  6.5
Spellcasting   | 3 4 5 6 7 8 9 10 11 12 13 14 15 | 15.9
Fighting       | 1 2 4 5 6 7 8 9 10 12 | 12.2
Polearms       | 4 7 8 9 10 11 12 13 14 16 17 | 17.9
Ice Magic      | 3 7 8 9 11 12 13 | 13.8
Charms         | 3 5 7 8 9 10 | 10.4
Summonings     | 1 4 5 7 9 10 11 | 11.6
Necromancy     | 1 2 3 4 5 |  5.8
Invocations    | 1 |  1.8
Shields        | 1 2 3 4 5 |  5.7
Evocations     | 1 |  1.4
Translocations | 1 3 |  3.3
Armour         | |  0.3

Action                   |  1- 3 |  4- 6 |  7- 9 | 10-12 | 13-15 | 16-18 | 19-21 || total
-------------------------+-------+-------+-------+-------+-------+-------+-------++-------
Melee: Staff             |     6 |    54 |    22 |       |       |       |       ||    82
       Halberd           |       |       |   201 |   104 |       |       |       ||   305
       Lance             |       |       |       |   587 |  1761 |  1958 |  2636 ||  6942
       Tailslap          |       |       |       |     3 |     4 |     3 |    16 ||    26
       Headbutt          |       |       |       |       |       |   130 |   207 ||   337
 Cast: Sting             |    97 |   146 |   199 |    92 |       |       |       ||   534
       Mephitic Cloud    |       |     1 |    17 |    72 |   176 |   120 |   114 ||   500
       Olgreb's Toxic Ra |       |     1 |     1 |    12 |    30 |     1 |       ||    45
       Throw Frost       |       |       |       |    54 |    36 |    60 |    14 ||   164
       Freeze            |       |       |       |    45 |    49 |     4 |     2 ||   100
       Ozocubu's Armour  |       |       |       |    25 |   106 |   120 |   141 ||   392
       Throw Icicle      |       |       |       |     6 |    63 |    36 |     5 ||   110
       Summon Ice Beast  |       |       |       |     4 |    51 |    23 |     4 ||    82
       Animate Skeleton  |       |       |       |       |   148 |   172 |   110 ||   430
       Summon Butterflie |       |       |       |       |    54 |       |       ||    54
       Regeneration      |       |       |       |       |     8 |    17 |    20 ||    45
       Summon Guardian G |       |       |       |       |    30 |     1 |       ||    31
       Summon Lightning  |       |       |       |       |    11 |   125 |    95 ||   231
       Repel Missiles    |       |       |       |       |     4 |       |     4 ||     8
       Call Canine Famil |       |       |       |       |       |     3 |     1 ||     4
       Iskenderun's Myst |       |       |       |       |       |       |    93 ||    93
       Force Lance       |       |       |       |       |       |       |    76 ||    76
       Apportation       |       |       |       |       |       |       |     8 ||     8
       Shadow Creatures  |       |       |       |       |       |       |     9 ||     9
Invok: Divine Energy     |       |       |     1 |       |       |       |       ||     1
       Channel Magic     |       |       |       |       |     3 |     3 |     1 ||     7
       Forget Spell      |       |       |       |       |       |     1 |     2 ||     3
 Abil: Evoke Berserk Rag |       |       |       |       |     1 |       |       ||     1
Evoke: Wand              |       |       |       |       |    17 |     2 |    22 ||    41
       Phial of floods   |       |       |       |       |       |     2 |     2 ||     4
       Phantom mirror    |       |       |       |       |       |       |     1 ||     1
  Use: Scroll            |     2 |     9 |     3 |    13 |    13 |    10 |    33 ||    83
       Potion            |       |     6 |     2 |     6 |     4 |     7 |    26 ||    51
 Stab: Confused          |       |       |     4 |    54 |   130 |    92 |   102 ||   382
       Sleeping          |       |       |     2 |    15 |    34 |    28 |    33 ||   112
       Distracted        |       |       |       |     2 |     4 |    42 |    39 ||    87
       Invisible         |       |       |       |     1 |       |       |       ||     1
  Eat: Chunk             |     5 |    15 |    11 |    28 |    48 |    57 |    40 ||   204
       Pizza             |       |       |     1 |     1 |     1 |     1 |       ||     4
       Beef jerky        |       |       |     1 |       |     1 |     1 |       ||     3
       Meat ration       |       |       |     1 |       |       |       |       ||     1
       Fruit             |       |       |       |     4 |     2 |       |       ||     6
       Bread ration      |       |       |       |       |     2 |       |     6 ||     8
Armor: Robe              |     3 |    22 |    61 |    89 |   238 |   186 |   385 ||   984
       Leather armour    |       |    29 |       |       |       |       |       ||    29
       Skin              |       |       |       |    18 |       |       |       ||    18
Dodge: Dodged            |    33 |    73 |   174 |   247 |   492 |   606 |  1107 ||  2732
       Deflected         |       |       |       |       |     8 |    57 |    41 ||   106
Block: Buckler           |       |       |       |     5 |   140 |   250 |   500 ||   895
